 Dungeon Crawl Stone Soup version 0.29.1-13-g9f3cf754e1 (webtiles) character file.

Game seed: 1489790171305498351

137 Thatpatchoflichen the Trooper (level 5, 0/43 HPs)
             Began as a Demonspawn Monk on Feb 2, 2023.
             Killed by divine providence
             ... invoked by an orc priest
              (12 damage)
             ... on level 4 of the Dungeon.
             The game lasted 00:04:46 (3634 turns).

Thatpatchoflichen the Trooper (Demonspawn Monk)     Turns: 3634, Time: 00:04:46

Health: 0/43       AC:  3    Str: 12    XL:     5   Next: 0%
Magic:  5/5        EV: 14    Int: 11    God:
Gold:   199        SH:  0    Dex: 17    Spells: 4/4 levels left

rFire   . . .      SeeInvis .   a - +0 falchion
rCold   . . .      Faith    .   (no shield)
rNeg    + . .      Spirit   .   b - +0 robe
rPois   +          Reflect  .   (no helmet)
rElec   .          Harm     .   (no cloak)
rCorr   .          Rampage  .   g - +0 pair of gloves
Will    .....                   (no boots)
Stlth   ++........              (no amulet)
HPRegen 0.14/turn               q - ring of Foisch {Fly rPois}
MPRegen 0.09/turn               t - ring of positive energy

@: flying
A: spiny 2
a: no special abilities


You were on level 4 of the Dungeon.
You visited 1 branch of the dungeon, and saw 4 of its levels.

You collected 199 gold pieces.

Inventory:

Hand Weapons
 a - a +0 falchion (weapon)
Armour
 b - a +0 robe (worn)
 g - a +0 pair of gloves (worn)
Jewellery
 i - a +6 ring of intelligence
 p - a ring of ice
 q - the ring of Foisch (left hand) {Fly rPois}
   (You found it on level 3 of the Dungeon)

   [ring of flight]

   rPois:     It protects you from poison.
   Fly:       It grants you flight.
 t - a ring of positive energy (right hand)
 v - a ring of see invisible
Wands
 s - a wand of charming (6)
Scrolls
 e - a scroll of enchant armour {unknown}
 f - 5 scrolls of identify {unknown}
 k - 2 scrolls of teleportation {unknown}
 l - 2 scrolls of amnesia {unknown}
 n - 3 scrolls of poison {unknown}
 r - a scroll of summoning {unknown}
 u - a scroll of noise {unknown}
Potions
 c - 3 potions of ambrosia
 d - 2 potions of flight {unknown}
 h - 2 potions of haste {unknown}
 j - 2 potions of heal wounds {unknown}
 m - a potion of invisibility {unknown}
 o - a potion of lignification {unknown}


   Skills:
 + Level 4.5 Fighting
 - Level 2.6 Long Blades
 + Level 4.1 Dodging
 - Level 2.0 Stealth


You had 4 spell levels left.
You didn't know any spells.
Your spell library contained the following spells:

 Spells                   Type           Power      Damage    Failure   Level
 Slow                     Hex            0%         N/A       34%         1
 Scorch                   Fire           0%         2d5       47%         2
 Confusing Touch          Hex            0%         N/A       71%         3
 Gell's Gravitas          Tloc           0%         N/A       71%         3
 Teleport Other           Tloc           0%         N/A       71%         3
 Vampiric Draining        Necr           0%         2d6       71%         3
 Flame Wave               Conj/Fire      0%         2d4       98%         4
 Dispersal                Tloc           0%         N/A       100%        6
 Summon Cactus Giant      Summ           0%         N/A       100%        6


Dungeon Overview and Level Annotations

Branches:
Dungeon (4/15)
 Temple: D:4-7

Altars:
Wu Jian


Innate Abilities, Weirdness & Mutations

You are mostly covered in sharp spines.


Message History

The dart slug is severely wounded.
The dart slug is struck by your spines.
You kill the dart slug!
Things that are here:
a +0 club; a dart slug corpse You start resting.
An endoplasm comes into view.
An endoplasm is nearby!
Found a stone.
The endoplasm is struck by your spines. The endoplasm barely misses you.
The endoplasm closely misses you.
You hit the endoplasm.
You kill the endoplasm!
HP restored.
You pick up a There-And-Back Book and begin reading...
You add the spells Gell's Gravitas, Teleport Other and Dispersal to your library.
v - a ring of see invisible You reach down and open the door.
An orc priest comes into view. It is wielding a +0 mace.
There is an open door here.
An orc comes into view. It is wielding a +0 club.
The orc shouts!
You hear a shout!
An orc comes into view. It is wielding a +0 war axe.
An orc comes into view. It is wielding a +0 dagger.
Found a stone staircase leading down.
The orc hits you with a +0 club.
The orc priest mumbles some strange prayers to Beogh against you.
Beogh smites you!
You closely miss the orc priest. The orc barely misses you.
The orc is struck by your spines.
You kill the orc!
The orc priest mumbles some strange prayers to Beogh against you.
Beogh smites you!
* * * LOW HITPOINT WARNING * * *
You have reached level 5!
You hit the orc priest.
The orc priest is lightly wounded.
The orc priest calls down the wrath of Beogh upon you.
Beogh smites you!
You die...

........#
..###.#.# #.#.#
#.#.# # #.#.# #.
#.#.# #..
#.#'#######
#...####..........
#...)@............
#..ooo.##.........
#....########.....
#...... .....
####... .... #.>#
.... ### ...


You could see an orc priest and 2 orcs.

Vanquished Creatures
  An orc wizard (D:4)
  4 adders (D:3)
  2 worms
  3 dart slugs
  6 orcs
  4 ball pythons
  5 endoplasms
  3 giant cockroaches
  10 hobgoblins
  3 jackals (D:1)
  2 quokkas
  8 bats
  2 frilled lizards
  5 kobolds
  6 rats
64 creatures vanquished.

Notes
Turn   | Place    | Note
-------+----------+-------------------------------------------
     0 | D:1      | Thatpatchoflichen the Demonspawn Monk began the quest for
                  | the Orb.
     0 | D:1      | Reached XP level 1. HP: 18/18 MP: 1/1
   386 | D:1      | Gained mutation: You are partially covered in sharp spines.
                  | [demonic ancestry]
   386 | D:1      | Reached XP level 2. HP: 16/24 MP: 2/2
  1325 | D:2      | Reached XP level 3. HP: 29/29 MP: 3/3
  1613 | D:2      | Found a faded altar of an unknown god.
  2494 | D:3      | Gained mutation: You are mostly covered in sharp spines.
                  | [demonic ancestry]
  2494 | D:3      | Reached XP level 4. HP: 37/37 MP: 4/4
  2804 | D:3      | Identified the ring of Foisch {Fly rPois}
  3222 | D:3      | Found an ornate altar of the Wu Jian Council.
  3634 | D:4      | Reached XP level 5. HP: 12/43 MP: 5/5
  3634 | D:4      | Killed from afar by an orc priest

Illustrated notes

Levels and vault maps discovered:
D:1:      tarquinn_simple_flora_water_b, layout_basic,
          nicolae_kite_square_tiling_tiny
D:2:      layout_basic, hellmonk_ecumenical_altar_pennies_from_heaven
D:3:      layout_basic, nicolae_wu_jian_immortal_techniques, minmay_circle_x
D:4:      layout_basic

Skill      XL: |  1  2  3  4 |
---------------+-------------+-----
Stealth        | 2 |  2.0
Dodging        | 3 4 |  4.1
Fighting       | 4 |  4.5
Long Blades    | |  2.6

Action                   |  1- 3 |  4- 6 || total
-------------------------+-------+-------++-------
Melee: Falchion          |    71 |    30 ||   101
       Punch             |     1 |     1 ||     2
 Stab: Sleeping          |     6 |     1 ||     7
       Distracted        |     1 |       ||     1
Armor: Robe              |    20 |     6 ||    26
Dodge: Dodged            |    62 |    23 ||    85
